 Dungeon Crawl Stone Soup version 0.23.2-40-g277498a001 (webtiles) character file.

Game seed: 3420859694304507854

25610 Folks the Destroyer (level 12, -2/81 HPs)
             Began as a Demigod Conjurer on Aug 19, 2019.
             Slain by a spiny frog (12 damage)
             ... on level 6 of the Lair of Beasts.
             The game lasted 01:10:37 (18036 turns).

Folks the Destroyer (Demigod Conjurer)             Turns: 18036, Time: 01:10:37

Health: -2/81      AC:  8    Str: 13    XL:     12   Next: 55%
Magic:  9/23       EV: 13    Int: 25    God:
Gold:   953        SH:  8    Dex: 16    Spells: 2/21 levels left

rFire    . . .     SeeInvis .   z - +1 dagger (distort)
rCold    . . .     Gourm    .   E - +3 warlock's mirror {reflect}
rNeg     . . .     Faith    .   R - +0 ring mail {MR+}
rPois    .         Spirit   .   S - +1 hat {MR+}
rElec    .         Reflect  +   I - +0 cloak
rCorr    .         Harm     .   (no gloves)
MR       +++..                  (no boots)
Stlth    +.........             (no amulet)
HPRegen  0.23/turn              (no ring)
MPRegen  0.18/turn              (no ring)

@: lethally poisoned (-2 -> -2)
A: high mp 1
a: no special abilities


You were on level 6 of the Lair of Beasts.
You were not hungry.

You visited 2 branches of the dungeon, and saw 17 of its levels.

You collected 953 gold pieces.

Inventory:

Hand Weapons
 e - a +0 whip
 r - a +0 short sword
 z - a +1 dagger of distortion (weapon)
 D - a +0 rapier
Armour
 a - a +0 robe
 o - a +0 buckler
 B - the +2 robe of Valiance {rF+ MR+ Regen+ Int+2}
   (You found it on level 8 of the Dungeon)

   It affects your intelligence (+2).
   It protects you from fire.
   It affects your resistance to hostile enchantments.
   It increases your rate of regeneration.
 E - the +3 warlock's mirror (worn) {reflect}
   (You found it on level 4 of the Dungeon)
 I - a +0 cloak (worn)
 K - a +0 ring mail
 Q - a +2 pair of boots
 R - a +0 ring mail of magic resistance (worn)
 S - a +1 hat of magic resistance (worn)
Jewellery
 l - an uncursed amulet of rage
 q - a cursed -4 ring of strength {unknown}
 H - an uncursed ring of ice {unknown}
Wands
 t - a wand of random effects (13)
 y - a wand of polymorph (18)
 C - a wand of paralysis (13)
 L - a wand of digging (6)
Scrolls
 b - 3 scrolls of holy word
 d - 10 scrolls of identify
 f - 8 scrolls of remove curse
 h - 2 scrolls of silence {unknown}
 i - 2 scrolls of random uselessness
 j - 2 scrolls of fear {unknown}
 k - a scroll of teleportation
 m - a scroll of immolation {unknown}
 p - 5 scrolls of magic mapping {unknown}
 s - 2 scrolls of noise {unknown}
 w - 3 scrolls of enchant armour {unknown}
 A - a scroll of blinking {unknown}
 G - 4 scrolls of fog {unknown}
 O - a scroll of vulnerability {unknown}
 P - a scroll of enchant weapon {unknown}
Potions
 g - 3 potions of invisibility {unknown}
 n - a potion of ambrosia {unknown}
 u - 3 potions of agility
 x - 5 potions of flight
 F - a potion of degeneration {unknown}
 J - a potion of lignification
 M - 5 potions of might {unknown}
 N - a potion of resistance {unknown}
Comestibles
 c - 30 rations


   Skills:
 - Level 3.5 Short Blades
 - Level 4.0 Armour
 * Level 4.7 Dodging
 - Level 1.7 Stealth
 - Level 4.0 Shields
 - Level 5.0 Spellcasting
 + Level 12.2 Conjurations
 - Level 9.7 Hexes
 - Level 7.1 Translocations
 - Level 1.0 Fire Magic
 - Level 3.0 Poison Magic
 - Level 4.0 Evocations


You had 2 spell levels left.
You knew the following spells:

 Your Spells              Type           Power        Failure   Level  Hunger
a - Conjure Flame         Conj/Fire      #####...     3%          3    ##.....
b - Searing Ray           Conj           ######       1%          2    None
c - Mephitic Cloud        Conj/Pois/Air  ####....     6%          3    ##.....
d - Fulminant Prism       Conj/Hex       ######....   1%          4    ####...
e - Force Lance           Conj/Tloc      ######..     3%          4    ####...
f - Gell's Gravitas       Tloc           #####.....   2%          3    ##.....

Your spell library contained the following spells:

 Spells                   Type           Power        Failure   Level  Hunger
 Confusing Touch          Hex            ######       1%          1    None
 Magic Dart               Conj           ####         1%          1    None
 Blink                    Tloc           N/A          1%          2    None
 Slow                     Hex            ######..     1%          2    None
 Shroud of Golubria       Chrm/Tloc      ###.......   6%          2    None
 Animate Skeleton         Necr           N/A          17%         1    None
 Pain                     Necr           #...         17%         1    None
 Sandblast                Erth           #.....       17%         1    None
 Summon Small Mammal      Summ           #...         17%         1    None
 Call Imp                 Summ           #.......     26%         2    None
 Passwall                 Tmut/Erth      #.......     26%         2    None
 Confuse                  Hex            ######..     1%          3    ##.....
 Dazzling Spray           Conj/Hex       ######       1%          3    ##.....
 Iskenderun's Mystic Bla  Conj           ######..     1%          4    ####...
 Stone Arrow              Conj/Erth      #####.       4%          3    ##.....
 Spectral Weapon          Hex/Chrm       ####....     7%          3    ##.....
 Summon Guardian Golem    Hex/Summ       ####....     7%          3    ##.....
 Call Canine Familiar     Summ           #.......     45%         3    ##.....
 Regeneration             Chrm/Necr      #.........   45%         3    ##.....
 Vampiric Draining        Necr           #.........   45%         3    ##.....
 Metabolic Englaciation   Hex/Ice        ####......   54%         5    #####..
 Yara's Violent Unravell  Hex/Tmut       ####......   54%         5    #####..
 Animate Dead             Necr           N/A          86%         4    ####...
 Petrify                  Tmut/Erth      #.......     86%         4    ####...
 Summon Ice Beast         Ice/Summ       #.......     86%         4    ####...
 Summon Lightning Spire   Summ/Air       #.......     86%         4    ####...
 Lee's Rapid Deconstruct  Erth           #.........   99%         5    #####..


Dungeon Overview and Level Annotations

Branches:
Dungeon (12/15)            Temple (0/1) D:7            Lair (4/6) D:11
  Swamp (0/4) Lair:3          Orc (0/2) D:9
  Snake: Lair:2-4    Spider: Lair:2-4

Shops:
D:7 [   D:8 (

Annotations:
D:12 Rupert
Lair:2 exclusion: oklob plant


Innate Abilities, Weirdness & Mutations

You have an increased reservoir of magic. (+10% MP)


Message History

You start resting.
You feel sick. x6
A spiny frog comes into view.
The spiny frog croaks.
A basilisk comes into view.
You feel sick.
You feel sick.
You feel sick.
You feel sick.
Found a chunky metal-bound book and a potion of curing.
You hear a distant slurping noise.
You feel sick.
Found a scroll of identify.
Casting: Force Lance (safe; 3% risk of failure)
Confirm with . or Enter, or press ? or * to list all spells.
Aiming: Force Lance (safe; 3% risk of failure)
Press: ? - help, Shift-Dir - straight line, f - spiny frog
Aim: a spiny frog The lance of force misses the spiny frog.
The spiny frog stings you!
You die...

.####.........
..!..:..........#...
...P.............#.. #
........#......#...
##. .......#.....##...
#?.###...# #....†.##.+
#...##.P###.....###..
#...#...##........#..
#...@F...............
#.#..#...#........#...
#.#####.####.########
# ### #..# ####


You could see a spiny frog.

Vanquished Creatures
  Gastronok (Lair:3)
  Urug (Lair:2)
  A death yak (D:11)
  An unseen horror (D:11)
  An ugly thing (D:10)
  2 oklob plants (Lair:2)
  A black mamba (Lair:2)
  6 spiny frogs
  2 komodo dragons (Lair:3)
  2 polar bears
  Prince Ribbit (Lair:1)
  4 hippogriffs
  2 bog bodies (Lair:3)
  A hornet (D:7)
  11 blink frogs
  A meliai zombie (D:11)
  Sigmund (D:2)
  3 hogs (D:7)
  22 yaks
  A wyvern (D:11)
  A human (D:7)
  A hungry ghost (D:8)
  A basilisk (D:11)
  A vampire mosquito (Lair:6)
  4 porcupines
  8 water moccasins
  An ice beast (D:6)
  2 sky beasts
  6 orc warriors
  3 necrophages
  2 eyes of draining (D:5)
  5 phantoms
  6 ogres
  2 centaurs
  3 crocodiles
  2 big kobolds
  17 bullfrogs
  A wyvern skeleton (D:8)
  5 scorpions
  6 killer bees
  A howler monkey (D:9)
  23 wights
  A spectral bullfrog (D:10)
  6 crimson imps
  2 bullfrog zombies
  A centaur zombie (D:5)
  7 hounds
  4 jellies
  8 orc priests
  5 orc wizards
  A bullfrog skeleton (D:4)
  An iguana (D:5)
  Jessica (D:3)
  Ijyb (D:3)
  6 worker ants
  A killer bee zombie (D:10)
  A hound zombie (D:10)
  A worker ant zombie (D:9)
  9 adders
  3 oozes
  An adder zombie (D:7)
  2 adder skeletons
  4 dart slugs (D:1)
  2 leopard geckos
  35 orcs
  A ball python (D:3)
  3 bats (D:1)
  3 giant cockroaches
  12 goblins
  2 hobgoblins (D:1)
  3 jackals
  12 kobolds
  3 quokkas
  7 frilled lizards
  A leopard gecko skeleton (D:4)
  A leopard gecko zombie (D:8)
  A quokka skeleton (D:4)
  A quokka zombie (D:5)
  4 rats
  A fungus (Lair:2)
  A plant (Lair:2)
325 creatures vanquished.

Vanquished Creatures (collateral kills)
  A komodo dragon (D:10)
  3 killer bees (D:10)
4 creatures vanquished.

Vanquished Creatures (others)
  The ghost of miragecloak the Martial Artist, a novice OpTm of the Shining One (D:10)
  A centaur zombie (D:10)
  3 blink frogs (Lair:2)
  A hog (D:7)
  2 yaks (Lair:1)
  A water moccasin (Lair:1)
  A phantom (D:11)
  A centaur (D:10)
  An orc (D:11)
  A bush (Lair:2)
  72 fulminant prisms
  14 fungi
  29 plants
128 creatures vanquished.

Grand Total: 457 creatures vanquished

Notes
Turn   | Place    | Note
-------+----------+-------------------------------------------
     0 | D:1      | Folks the Demigod Conjurer began the quest for the Orb.
     0 | D:1      | Reached XP level 1. HP: 14/14 MP: 5/5
   288 | D:1      | Reached XP level 2. HP: 12/20 MP: 1/7
   554 | D:1      | Learned a level 2 spell: Searing Ray
  1078 | D:2      | Noticed Sigmund
  1102 | D:2      | Killed Sigmund
  1102 | D:2      | Reached skill level 4 in Conjurations
  1102 | D:2      | Reached XP level 3. HP: 12/26 MP: 2/11
  1102 | D:2      | Reached XP level 4. HP: 15/33 MP: 2/13
  1102 | D:2      | Reached XP level 5. HP: 17/38 MP: 2/14
  1107 | D:2      | Learned a level 3 spell: Dazzling Spray
  1112 | D:2      | Learned a level 4 spell: Fulminant Prism
  1550 | D:2      | Found a sparkling altar of Nemelex Xobeh.
  1633 | D:2      | Found a faded altar of an unknown god.
  1710 | D:3      | Noticed Ijyb
  1717 | D:3      | Killed Ijyb
  1985 | D:3      | Noticed Jessica
  1989 | D:3      | Reached skill level 1 in Hexes
  1993 | D:3      | Killed Jessica
  2585 | D:4      | Noticed a phantom
  2611 | D:4      | Reached XP level 6. HP: 34/45 MP: 0/15
  2718 | D:4      | Reached skill level 5 in Conjurations
  3027 | D:4      | Reached XP level 7. HP: 39/50 MP: 8/17
  3160 | D:4      | Found the +3 warlock's mirror {reflect}
  3265 | D:4      | Learned a level 4 spell: Force Lance
  3519 | D:5      | Entered Level 5 of the Dungeon
  3525 | D:5      | Reached skill level 5 in Spellcasting
  3824 | D:5      | Found a bloodstained altar of Trog.
  3937 | D:5      | Reached skill level 6 in Conjurations
  3937 | D:5      | Reached skill level 5 in Hexes
  3981 | D:5      | Reached XP level 8. HP: 39/57 MP: 1/19
  4344 | D:5      | Reached skill level 1 in Translocations
  4704 | D:6      | Found a blossoming altar of Fedhas.
  4965 | D:6      | Found a stormy altar of Qazlal.
  5516 | D:6      | Reached skill level 7 in Conjurations
  5742 | D:7      | Found Busoro's Antique Armour Boutique.
  5841 | D:7      | Noticed a hornet
  5853 | D:7      | Killed a hornet
  5853 | D:7      | Reached skill level 1 in Armour
  5895 | D:7      | Reached XP level 9. HP: 26/62 MP: 1/20
  6702 | D:7      | Reached skill level 1 in Shields
  6702 | D:7      | Reached skill level 8 in Conjurations
  7237 | D:7      | Found a staircase to the Ecumenical Temple.
  7555 | D:8      | Learned a level 3 spell: Gell's Gravitas
  7918 | D:8      | Found Wabeo's Antique Weapon Shop.
  8219 | D:8      | Reached XP level 10. HP: 69/69 MP: 3/21
  8577 | D:8      | Got a crude robe
  8578 | D:8      | Identified the +2 robe of Valiance {rF+ MR+ Regen+ Int+2}
                  | (You found it on level 8 of the Dungeon)
  8598 | D:8      | Learned a level 3 spell: Mephitic Cloud
  8832 | D:9      | Reached skill level 9 in Conjurations
  8954 | D:9      | Found a stormy altar of Qazlal.
  9038 | D:9      | Learned a level 3 spell: Conjure Flame
  9158 | D:9      | Reached skill level 1 in Fire Magic
  9527 | D:9      | Reached skill level 5 in Translocations
  9924 | D:9      | Found a staircase to the Orcish Mines.
 10081 | D:10     | Entered Level 10 of the Dungeon
 10335 | D:10     | Identified the Tome of the Helpful Escort
 10921 | D:10     | Noticed a two-headed ogre
 10942 | D:10     | Banished a two-headed ogre
 11416 | D:10     | Noticed miragecloak's ghost (novice OpTm)
 11417 | D:10     | Found a runed translucent gate.
 11418 | D:10     | Found a runed translucent gate.
 11419 | D:10     | Found a runed translucent gate.
 11463 | D:10     | Banished miragecloak's ghost
 11463 | D:10     | Reached skill level 10 in Conjurations
 11856 | D:11     | Reached XP level 11. HP: 74/74 MP: 17/22
 11857 | D:11     | Noticed a death yak
 11870 | D:11     | Found a staircase to the Lair.
 12020 | D:11     | Killed a death yak
 12379 | D:11     | Found a snail-covered altar of Cheibriados.
 12772 | D:11     | Killed an unseen horror
 12997 | D:12     | Noticed a deep elf mage
 12998 | D:12     | Noticed Rupert
 13028 | Lair:1   | Entered Level 1 of the Lair of Beasts
 13307 | Lair:1   | Noticed Prince Ribbit
 13315 | Lair:1   | Killed Prince Ribbit
 13939 | Lair:1   | Reached skill level 11 in Conjurations
 14004 | Lair:1   | Noticed a six-headed hydra
 14703 | Lair:2   | Noticed Urug
 14711 | Lair:2   | Killed Urug
 14782 | Lair:2   | HP: 3/111 [blink frog (11)]
 15265 | Lair:2   | Reached skill level 1 in Evocations
 15297 | Lair:2   | Reached skill level 1 in Poison Magic
 15371 | Lair:2   | Reached XP level 12. HP: 55/81 MP: 1/23
 15442 | Lair:2   | Reached skill level 1 in Short Blades
 16355 | Lair:3   | Found a staircase to the Swamp.
 16635 | Lair:3   | Noticed Gastronok
 16934 | Lair:3   | Killed Gastronok
 17317 | Lair:4   | Reached skill level 12 in Conjurations
 17845 | Lair:4   | You fall through a shaft for 2 floors!
 17845 | Lair:6   | Entered Level 6 of the Lair of Beasts
 18036 | Lair:6   | Slain by a spiny frog

Skill      XL: |  1  2  3  4  5  6  7  8  9 10 11 12 |
---------------+-------------------------------------+-----
Spellcasting   | 2 4 5 |  5.0
Conjurations   | 4 5 6 7 8 10 11 12 | 12.2
Hexes          | 1 3 5 6 9 |  9.7
Translocations | 3 7 |  7.1
Dodging        | 3 4 |  4.7
Armour         | 2 4 |  4.0
Shields        | 4 |  4.0
Fire Magic     | 1 |  1.0
Evocations     | 1 4 |  4.0
Poison Magic   | 1 3 |  3.0
Short Blades   | 3 |  3.5
Stealth        | |  1.7

Action                   |  1- 3 |  4- 6 |  7- 9 | 10-12 || total
-------------------------+-------+-------+-------+-------++-------
Melee: Whip              |    38 |       |       |       ||    38
       Dagger            |       |    42 |    84 |   223 ||   349
Throw: Throwing net      |       |       |       |     1 ||     1
 Cast: Magic Dart        |    21 |     6 |     9 |     1 ||    37
       Searing Ray       |     5 |    18 |    47 |    85 ||   155
       Dazzling Spray    |       |     3 |    12 |       ||    15
       Fulminant Prism   |       |     3 |    20 |    49 ||    72
       Force Lance       |       |       |    24 |    81 ||   105
       Gell's Gravitas   |       |       |     3 |    20 ||    23
       Conjure Flame     |       |       |       |    13 ||    13
       Mephitic Cloud    |       |       |       |    14 ||    14
Evoke: Wand              |       |     1 |       |    10 ||    11
  Use: Potion            |     4 |       |     2 |    15 ||    21
       Scroll            |       |     1 |       |    13 ||    14
 Stab: Sleeping          |     3 |       |     2 |       ||     5
       Invisible         |       |       |     1 |       ||     1
       Paralysed         |       |       |       |     4 ||     4
       Confused          |       |       |       |     1 ||     1
  Eat: Chunk             |     1 |     7 |    15 |    30 ||    53
       Ration            |       |       |     2 |     6 ||     8
Armor: Robe              |     7 |     8 |     9 |    26 ||    50
       Skin              |     4 |       |    17 |    18 ||    39
       Ring mail         |       |       |     9 |    19 ||    28
Dodge: Dodged            |    26 |    46 |    87 |   148 ||   307
Block: Buckler           |       |       |     8 |   134 ||   142
       Reflection        |       |       |     1 |     9 ||    10
